 Dungeon Crawl Stone Soup version 0.17-a0-1850-g688e747 (webtiles) character file.

22 Shotte the Stinger (level 2, -1/11 HPs)
             Began as a Felid Venom Mage on Sept 19, 2015.
             Was an Initiate of Makhleb.
             Slain by a quokka (3 damage)
             ... on level 2 of the Dungeon.
             The game lasted 00:17:57 (1236 turns).

Shotte the Stinger (Felid Venom Mage)               Turns: 1236, Time: 00:17:57

Health: -1/11      AC:  1    Str:  4    XL:     2   Next: 68%
Magic:  2/6        EV: 18    Int: 16    God:    Makhleb [......]
Gold:   34         SH:  0    Dex: 16    Spells: 1 memorised, 4 levels left
                                        Lives:  0   Deaths: 0

rFire  . . .     SeeInvis +     (weapon unavailable)
rCold  . . .     Clarity  .     (armour unavailable)
rNeg   . . .     SustAt   .     (shield unavailable)
rPois  .         Gourm    .     (helmet unavailable)
rElec  .         Spirit   .     (cloak unavailable)
rCorr  .         Warding  .     (gloves unavailable)
rMut   .         Stasis   .     (boots unavailable)
MR     .....                    (no amulet)
Stlth  +++.......               (no ring)
                                (no ring)

@: quick, not resistant to hostile enchantments, fairly stealthy
A: no armour, no weapons or thrown items, claws 1, fangs 3, see invisible,
carnivore 3, speed 1, shaggy fur 1, slow metabolism 1, sharp paws
a: Renounce Religion


You were on level 2 of the Dungeon.
You worshipped Makhleb.
Makhleb was noncommittal.
You were very full.

You visited 1 branch of the dungeon, and saw 2 of its levels.

You collected 34 gold pieces.

Inventory:

Hand weapons
 g - a +0 spear
 h - a +0 short sword of draining
 m - a +0 dagger
Missiles
 i - 7 stones
 p - 23 bolts
 r - 21 sling bullets
 v - 6 javelins of returning
Jewellery
 c - an uncursed ring of positive energy {unknown}
 s - an uncursed ring of magical power {unknown}
Scrolls
 d - 3 scrolls of teleportation {unknown}
 f - a scroll of recharging {unknown}
 j - 2 scrolls of immolation {unknown}
 k - 2 scrolls of identify {unknown}
 o - a scroll of enchant armour {unknown}
 q - a scroll of magic mapping {unknown}
 t - a scroll of enchant weapon {unknown}
 u - a scroll of remove curse {unknown}
Potions
 e - 4 potions of curing {unknown}
 l - a potion of brilliance {unknown}
Books
 a - a Young Poisoner's Handbook

   Spells                             Type                      Level
   a - Sting                          Conjuration/Poison           1
   b - Cure Poison                    Poison                       2
   c - Mephitic Cloud                 Conjuration/Poison/Air       3
   d - Olgreb's Toxic Radiance        Poison                       4
   e - Venom Bolt                     Conjuration/Poison           5
Comestibles
 b - 2 meat rations
 n - 4 fruits


   Skills:
 + Level 0.2 Fighting
 + Level 3.0 Dodging
 + Level 2.9 Stealth
 + Level 0.4 Unarmed Combat
 + Level 2.1 Spellcasting
 + Level 4.0 Poison Magic


You had 4 spell levels left.
You knew the following spells:

 Your Spells              Type           Power        Failure   Level  Hunger
a - Sting                 Conj/Pois      #...         10%         1    #......


Dungeon Overview and Level Annotations

Branches:
Dungeon (2/15)

Altars:
Ashenzari
Cheibriados
Fedhas
Makhleb
Zin


Innate Abilities, Weirdness & Mutations

You cannot wear armour.
You are incapable of wielding weapons or throwing items.
You have sharp claws.
You have razor-sharp teeth.
You have supernaturally acute eyesight.
You are carnivorous and can eat meat at any time.
You cover ground quickly.
You are covered in fur (AC +1).
You have a slow metabolism.
Your sharp claws are effective at attacking unaware monsters.


Message History

The quokka barely misses you. The quokka closely misses you.
The quokka misses you. The quokka misses you. The quokka barely misses you.
Casting: Sting
Confirm with . or Enter, or press ? or * to list all spells.
Aiming: Sting
Press: ? - help, Shift-Dir - straight line, f/p - quokka
Aim: a quokka (moderately wounded)
The sting hits the quokka.
The quokka is heavily wounded.
The quokka closely misses you.
Casting: Sting
Confirm with . or Enter, or press ? or * to list all spells.
Aiming: Sting
Press: ? - help, Shift-Dir - straight line, f/p - quokka
Aim: a quokka (heavily wounded)
The sting misses the quokka.
The quokka bites you.
You die...

#.#.#
#.................####
#.#.#
#.#####.##.##.###.....
#.#.######.# #.......#
###### #..........#
###.........
###.######.#
###...###### #.#
#.####.....## #.###
#.# #......##.## #....
#.# #####r.##.# #####
#.# #@.##.. ##### ...
######. #.... ..#
#.### #.# #.# #.#
#.### ### #.##. ..#
#.##.


You could see a quokka.

Vanquished Creatures
  A giant gecko (D:2)
  3 bats (D:1)
  3 giant cockroaches
  2 hobgoblins
  2 giant newts (D:1)
  6 kobolds
  5 rats
22 creatures vanquished.

Notes
Turn   | Place    | Note
--------------------------------------------------------------
     0 | D:1      | Shotte the Felid Venom Mage began the quest for the Orb.
     0 | D:1      | Reached XP level 1. HP: 7/7 MP: 4/4
    49 | D:1      | Sting
   583 | D:1      | Reached XP level 2. HP: 9/11 MP: 3/6
   853 | D:2      | Found a snail-covered altar of Cheibriados.
   855 | D:2      | Found a shattered altar of Ashenzari.
   857 | D:2      | Found a burning altar of Makhleb.
   913 | D:2      | Reached skill level 4 in Poison Magic
   916 | D:2      | Found a blossoming altar of Fedhas.
   923 | D:2      | Found a glowing silver altar of Zin.
  1019 | D:2      | Became a worshipper of Makhleb the Destroyer
  1236 | D:2      | Slain by a quokka

Vault maps used:
D:1:      co_arrival_random_square_maze
D:2:      grunt_temple_overflow_magic_moments, grunt_temple_overflow_open,
          ecumenical_altar_1, minmay_shallow_snake_nest

Action                   || total
-------------------------++-------
Melee: Unarmed           ||    31
 Cast: Sting             ||    41
  Eat: Chunk             ||     6
       Pizza             ||     1
